Bears vs Senators
Created - June 6, 2022 at 19:01
Goals
|
| Bears |
0 |
0 |
1 |
1 |
| Senators |
0 |
2 |
0 |
2 |
|
Shots
|
| Bears |
5 |
20 |
13 |
38 |
| Senators |
12 |
11 |
10 |
33 |
|
1st period
No Goal
Penalties :
Vincent Dunn (Her) for Tripping (Minor) at 1:22, Jamie McGinn (Her) for High sticking (Minor) at 10:50
2nd period
1. Senators , Oliver Bjorkstrand 29 (Jacob De La Rose 10, Zemgus Girgensons 35) at 10:29
2. Senators , Jordan Schroeder 12 (Grant Besse 12) at 16:52
Penalties :
Nicolas Aube-Kubel (Her) for Interference (Minor) at 12:55
3rd period
3. Bears , Brendan Perlini 29 (Austin Wuthrich 25, Taylor Aronson 32) at 8:39
Penalties :
No Penalty
Goalie Stats
Magnus Hellberg (Her), 31 saves from 33 shots - (0.939), L, 3-8-4, 59:06 minutes
Garret Sparks (Bel), 37 saves from 38 shots - (0.974), W, 18-12-3, 60:00 minutes
Players Stats for Bears
Player Name G A P +/- PIM S H SB GA TA FO MP PP MP PK MP
------------------------------------------------------------------------------------
Austin Wuthrich 0 1 1 0 0 2 0 0 1 0 0/0 10:42 0:00 0:00
Brendan Perlini 1 0 1 0 0 3 1 0 1 0 0/0 12:39 0:00 1:53
Brett Bulmer 0 0 0 0 0 2 0 0 0 0 0/0 8:38 0:00 0:00
Colby Cave 0 0 0 0 0 0 1 0 0 0 2/6 12:32 0:00 1:46
Derek Forbort 0 0 0 -1 0 4 1 2 1 1 0/0 19:23 0:00 2:50
Dylan Gambrell 0 0 0 -1 0 0 0 0 2 1 11/21 19:12 0:00 0:10
Gianluca Curcuruto 0 0 0 0 0 2 1 1 0 0 0/0 13:51 0:00 0:00
Jake Virtanen 0 0 0 -1 0 3 2 0 1 0 3/3 19:02 0:00 0:00
Jamie McGinn 0 0 0 0 2 2 0 1 0 1 2/2 17:33 0:00 2:00
Joey Laleggia 0 0 0 0 0 4 0 1 0 0 0/0 26:36 0:00 2:57
Kerby Rychel 0 0 0 0 0 4 1 0 0 0 0/0 10:06 0:00 0:11
Mike Hoffman 0 0 0 -1 0 1 1 0 0 0 1/1 17:52 0:00 0:00
Mikko Vainonen 0 0 0 -1 0 0 1 0 0 0 0/0 18:52 0:00 2:49
Nicolas Aube-Kubel 0 0 0 0 2 4 1 0 1 1 2/2 17:32 0:00 1:56
Taylor Aronson 0 1 1 0 0 3 1 0 1 0 0/0 25:13 0:00 0:28
Tommy Vannelli 0 0 0 0 0 2 0 0 0 1 0/0 16:05 0:00 2:50
Vincent Dunn 0 0 0 0 2 0 0 0 0 0 0/0 9:30 0:00 0:46
Zach Stepan 0 0 0 0 0 2 0 0 1 1 11/19 18:42 0:00 3:12
Players Stats for Senators
Player Name G A P +/- PIM S H SB GA TA FO MP PP MP PK MP
------------------------------------------------------------------------------------
C.J Suess 0 0 0 0 0 2 2 0 0 1 0/0 10:44 0:02 0:00
Chandler Stephenson 0 0 0 0 0 2 3 2 0 0 0/1 10:30 0:06 0:00
Christoph Bertschy 0 0 0 0 0 3 2 1 1 0 14/35 21:17 3:17 0:00
Dmitry Sinitsyn 0 0 0 1 0 1 2 0 0 1 0/0 26:29 3:07 0:00
Grant Besse 0 1 1 0 0 1 0 0 0 0 0/0 10:55 0:16 0:00
Jacob De La Rose 0 1 1 1 0 0 3 0 0 0 5/11 17:35 2:34 0:00
Jonas Siegenthaler 0 0 0 1 0 0 0 2 0 1 0/0 13:05 0:00 0:00
Joonas Lyytinen 0 0 0 -1 0 2 3 0 0 1 0/0 20:26 2:50 0:00
Jordan Schroeder 1 0 1 0 0 3 2 1 0 0 3/3 10:38 0:00 0:00
Mason Geertsen 0 0 0 1 0 0 2 1 0 1 0/0 13:05 0:00 0:00
Nikita Nesterov 0 0 0 -1 0 2 0 1 1 0 0/0 20:26 2:50 0:00
Oliver Bjorkstrand 1 0 1 1 0 4 0 0 0 0 0/1 17:35 2:34 0:00
Scott Harrington 0 0 0 1 0 0 2 0 1 1 0/0 26:29 3:07 0:00
Tomas Jurco 0 0 0 0 0 2 1 1 1 2 0/2 21:06 3:07 0:00
Vitaly Abramov 0 0 0 0 0 3 0 0 1 0 0/0 10:24 0:00 0:00
William Bitten 0 0 0 0 0 0 1 0 0 0 0/0 10:24 0:00 0:00
Zachary Sanford 0 0 0 0 0 6 1 2 0 1 0/0 21:17 3:21 0:00
Zemgus Girgensons 0 1 1 1 0 2 2 0 1 0 0/1 17:35 2:34 0:00
3 Stars
1 - Garret Sparks (Bel)
2 - Jordan Schroeder (Bel)
3 - Oliver Bjorkstrand (Bel)
Power Play
Bears - 0 on 0 Attempt(s) - 0.00%
Senators - 0 on 3 Attempt(s) - 0.00%
Penalty Kill
Bears - 3 on 3 Attempt(s) - 100.00%
- Score 0 goal in Penalty Kill
Senators - 0 on 0 Attempt(s) - 0.00%
- Score 0 goal in Penalty Kill
Team Stat
Bears - Hits : 11 - Faceoff Wins : 32 - Blocked Shots : 5 - Penalty Minutes : 6
Senators - Hits : 26 - Faceoff Wins : 22 - Blocked Shots : 11 - Penalty Minutes : 0
Official
Referees : Furman South and Pierre Lambert
Linesman : Kory Nagy and Kiel Murchison
Game Notes
No Game Note
Finance
Level 1 -- Attendance: 1984 (99.20%) -- Ticket Income $69,440
Level 2 -- Attendance: 882 (88.20%) -- Ticket Income $13,230
Total Attendance: 2866 (95.53%)
Total Ticket Income: $82,670
Other Income: $4,134
Total Income: $86,804
Bears
5 vs 5 Forward
Center Left Wing Right Wing Time % Phy DF OF
1 Dylan Gambrell Mike Hoffman Jake Virtanen 35 0 1 4
2 Zach Stepan Jamie McGinn Nicolas Aube-Kubel 30 0 2 3
3 Colby Cave Brendan Perlini Austin Wuthrich 20 0 2 3
4 Vincent Dunn Kerby Rychel Brett Bulmer 15 0 2 3
5 vs 5 Defense
Defense Defense Time % Phy DF OF
1 Joey Laleggia Taylor Aronson 40 0 2 3
2 Derek Forbort Mikko Vainonen 30 0 2 3
3 Tommy Vannelli Gianluca Curcuruto 20 0 3 2
4 Joey Laleggia Taylor Aronson 10 0 2 3
PowerPlay Forward
Center Left Wing Right Wing Time % Phy DF OF
1 Dylan Gambrell Mike Hoffman Jake Virtanen 60 0 1 4
2 Zach Stepan Jamie McGinn Nicolas Aube-Kubel 40 0 1 4
PowerPlay Defense
Defense Defense Time % Phy DF OF
1 Joey Laleggia Taylor Aronson 60 0 2 3
2 Derek Forbort Tommy Vannelli 40 0 2 3
Penalty Kill 4 Players Forward
Center Wing Time % Phy DF OF
1 Zach Stepan Nicolas Aube-Kubel 60 0 4 1
2 Vincent Dunn Jamie McGinn 40 0 4 1
Penalty Kill 4 Players Defense
Defense Defense Time % Phy DF OF
1 Joey Laleggia Mikko Vainonen 60 0 4 1
2 Derek Forbort Tommy Vannelli 40 0 4 1
Penalty Kill - 3 Players Forward
Forward Time % Phy DF OF
1 Zach Stepan 60 0 5 0
2 Vincent Dunn 40 0 5 0
Penalty Kill - 3 Players Defense
Defense Defense Time % Phy DF OF
1 Joey Laleggia Mikko Vainonen 60 0 5 0
2 Derek Forbort Tommy Vannelli 40 0 5 0
4 vs 4 Forward
Center Wing Time % Phy DF OF
1 Dylan Gambrell Jake Virtanen 55 0 2 3
2 Zach Stepan Mike Hoffman 45 0 2 3
4 vs 4 Defense
Defense Defense Time % Phy DF OF
1 Joey Laleggia Taylor Aronson 60 0 2 3
2 Gianluca Curcuruto Tommy Vannelli 40 0 2 3
Last Minutes Offensive
Center Left Wing Right Wing Defense Defense
Dylan Gambrell Kerby Rychel Jake Virtanen Joey Laleggia Taylor Aronson
Last Minutes Defensive
Center Left Wing Right Wing Defense Defense
Zach Stepan Kerby Rychel Nicolas Aube-Kubel Joey Laleggia Taylor Aronson
Goaltenders
Starting : Magnus Hellberg
Backup : Jake Allen
Extra Forwards
Normal : Mike Hoffman, Jake Virtanen, Nicolas Aube-Kubel - PP : Mike Hoffman, Jake Virtanen - PK : Jamie McGinn
Extra Defensemen
Normal : Joey Laleggia, Taylor Aronson, Gianluca Curcuruto - PP : Joey Laleggia - PK : Joey Laleggia, Taylor Aronson
Penalty Shots
Brendan Perlini, Mike Hoffman, Jake Virtanen, Nicolas Aube-Kubel, Dylan Gambrell
Scratches
Angelo Esposito (Left Hand Injury), Caleb Jones (Healthy), Emil Johansson (Healthy), Jakob Lilja (Healthy), Jesper Pettersson (Healthy)
Mackenze Stewart (Healthy), Michael Prapavessis (Healthy), Nikolay Prokhorkin (Healthy), Ryan Graves (Healthy), Warren Foegele (Healthy)
Logan O'Connor (Healthy), Nicholas Caamano (Healthy), Jakob Stenqvist (Healthy), Arvid Henrikson (Healthy)
Senators
5 vs 5 Forward
Center Left Wing Right Wing Time % Phy DF OF
1 Christoph Bertschy Zachary Sanford Tomas Jurco 40 1 2 2
2 Jacob De La Rose Zemgus Girgensons Oliver Bjorkstrand 30 1 2 2
3 Jordan Schroeder C.J Suess Grant Besse 15 1 2 2
4 Chandler Stephenson Vitaly Abramov William Bitten 15 1 2 2
5 vs 5 Defense
Defense Defense Time % Phy DF OF
1 Dmitry Sinitsyn Scott Harrington 40 1 2 2
2 Nikita Nesterov Joonas Lyytinen 30 1 2 2
3 Mason Geertsen Jonas Siegenthaler 20 1 2 2
4 Dmitry Sinitsyn Scott Harrington 10 1 2 2
PowerPlay Forward
Center Left Wing Right Wing Time % Phy DF OF
1 Christoph Bertschy Zachary Sanford Tomas Jurco 60 0 1 4
2 Jacob De La Rose Zemgus Girgensons Oliver Bjorkstrand 40 0 1 4
PowerPlay Defense
Defense Defense Time % Phy DF OF
1 Dmitry Sinitsyn Scott Harrington 60 1 2 2
2 Nikita Nesterov Joonas Lyytinen 40 1 2 2
Penalty Kill 4 Players Forward
Center Wing Time % Phy DF OF
1 Christoph Bertschy Zachary Sanford 60 1 2 2
2 Jacob De La Rose Zemgus Girgensons 40 1 2 2
Penalty Kill 4 Players Defense
Defense Defense Time % Phy DF OF
1 Dmitry Sinitsyn Scott Harrington 60 1 2 2
2 Nikita Nesterov Joonas Lyytinen 40 1 2 2
Penalty Kill - 3 Players Forward
Forward Time % Phy DF OF
1 Christoph Bertschy 60 1 2 2
2 Jacob De La Rose 40 1 2 2
Penalty Kill - 3 Players Defense
Defense Defense Time % Phy DF OF
1 Dmitry Sinitsyn Scott Harrington 60 1 2 2
2 Nikita Nesterov Joonas Lyytinen 40 1 2 2
4 vs 4 Forward
Center Wing Time % Phy DF OF
1 Christoph Bertschy Zachary Sanford 60 1 2 2
2 Jacob De La Rose Zemgus Girgensons 40 1 2 2
4 vs 4 Defense
Defense Defense Time % Phy DF OF
1 Dmitry Sinitsyn Scott Harrington 60 1 2 2
2 Nikita Nesterov Joonas Lyytinen 40 1 2 2
Last Minutes Offensive
Center Left Wing Right Wing Defense Defense
Christoph Bertschy Zachary Sanford Tomas Jurco Dmitry Sinitsyn Scott Harrington
Last Minutes Defensive
Center Left Wing Right Wing Defense Defense
Christoph Bertschy Zachary Sanford Tomas Jurco Dmitry Sinitsyn Scott Harrington
Goaltenders
Starting : Garret Sparks
Backup : Scott Wedgewood
Extra Forwards
Normal : Christoph Bertschy, Jacob De La Rose, Jordan Schroeder - PP : Christoph Bertschy, Jacob De La Rose - PK : Christoph Bertschy
Extra Defensemen
Normal : Joonas Lyytinen, Mason Geertsen, Jonas Siegenthaler - PP : Joonas Lyytinen - PK : Joonas Lyytinen, Mason Geertsen
Penalty Shots
Tomas Jurco, Oliver Bjorkstrand, Zachary Sanford, Zemgus Girgensons, Christoph Bertschy
Scratches
Gustav Forsling (Healthy), Keegan Lowe (Healthy), Kevin Rooney (Healthy), Michael Matheson (Healthy), Arttu Ruotsalainen (Healthy)
Cliff Pu (Healthy), Keven Bouchard (Healthy)
% Time on Ice - Bears
Lines # - Real PCT - Wanted PCT - Time Play
Normal Forward
1 - 34% - 35% - 18:03
2 - 29% - 30% - 15:30
3 - 20% - 20% - 10:42
4 - 16% - 15% - 8:38
Normal Defense
1 - 39% - 40% - 20:28
2 - 31% - 30% - 16:33
3 - 23% - 20% - 12:00
4 - 7% - 10% - 3:52
PP Forward
1 - 0% - 60%
2 - 0% - 40%
PP Defense
1 - 0% - 60%
2 - 0% - 40%
PK Forward
1 - 74% - 60% - 4:24
2 - 26% - 40% - 1:33
PK Defense
1 - 52% - 60% - 3:07
2 - 48% - 40% - 2:50
PK3 Forward
1 - 0% - 60%
2 - 0% - 40%
PK3 Defense
1 - 0% - 60%
2 - 0% - 40%
44 Forward
1 - 0% - 55%
2 - 0% - 45%
44 Defense
1 - 0% - 60%
2 - 0% - 40%
Last Minute Offensive - 1:10
Last Minute Defensive - 0:00
Total
Forward - 60:00
Defense - 60:00
|
% Time on Ice - Senators
Lines # - Real PCT - Wanted PCT - Time Play
Normal Forward
1 - 32% - 40% - 16:47
2 - 28% - 30% - 15:01
3 - 20% - 15% - 10:38
4 - 20% - 15% - 10:24
Normal Defense
1 - 37% - 40% - 19:43
2 - 33% - 30% - 17:36
3 - 25% - 20% - 13:05
4 - 5% - 10% - 2:26
PP Forward
1 - 57% - 60% - 3:23
2 - 43% - 40% - 2:34
PP Defense
1 - 52% - 60% - 3:07
2 - 48% - 40% - 2:50
PK Forward
1 - 0% - 60%
2 - 0% - 40%
PK Defense
1 - 0% - 60%
2 - 0% - 40%
PK3 Forward
1 - 0% - 60%
2 - 0% - 40%
PK3 Defense
1 - 0% - 60%
2 - 0% - 40%
44 Forward
1 - 0% - 60%
2 - 0% - 40%
44 Defense
1 - 0% - 60%
2 - 0% - 40%
Last Minute Offensive - 0:00
Last Minute Defensive - 1:13
Total
Forward - 60:00
Defense - 60:00
|
Play-by-Play
1st period
0:01 of 1st period - Christoph Bertschy wins face-off versus Dylan Gambrell in neutral zone.
0:06 of 1st period - Backhand shot by Tomas Jurco.
0:06 of 1st period - Stopped by Magnus Hellberg with a rebound.
1:22 of 1st period - Minor Penalty to Vincent Dunn for Tripping.
1:23 of 1st period - Zach Stepan wins face-off versus Christoph Bertschy in Bears zone.
1:58 of 1st period - Zach Stepan is hit by Zemgus Girgensons and loses puck.
3:15 of 1st period - Snap shot by Nicolas Aube-Kubel.
3:15 of 1st period - Shot Hit the Post.
3:22 of 1st period - Penalty to Vincent Dunn is over, Vincent Dunn is back on ice.
3:29 of 1st period - Joonas Lyytinen is hit by Jake Virtanen and loses puck.
4:33 of 1st period - Scott Harrington is hit by Nicolas Aube-Kubel and loses puck.
4:46 of 1st period - Grant Besse is hit by Jake Virtanen and loses puck.
5:20 of 1st period - Wrist shot by Kerby Rychel.
5:20 of 1st period - Shot Misses the Net.
5:29 of 1st period - Icing by Chandler Stephenson.
5:30 of 1st period - Nicolas Aube-Kubel wins face-off versus Chandler Stephenson in Senators zone.
5:35 of 1st period - Wrist shot by Nicolas Aube-Kubel.
5:35 of 1st period - Stopped by Garret Sparks with a rebound.
5:41 of 1st period - Snap shot by Nicolas Aube-Kubel.
5:41 of 1st period - Shot Misses the Net.
5:45 of 1st period - Snap shot by Nicolas Aube-Kubel.
5:45 of 1st period - Shot Blocked by Mason Geertsen.
7:48 of 1st period - Snap shot by Brendan Perlini.
7:48 of 1st period - Stopped by Garret Sparks without a rebound.
7:49 of 1st period - Zach Stepan wins face-off versus Christoph Bertschy in Senators zone.
8:20 of 1st period - Off-side.
8:21 of 1st period - Dylan Gambrell wins face-off versus Christoph Bertschy in neutral zone.
8:26 of 1st period - Snap shot by Taylor Aronson.
8:26 of 1st period - Shot Misses the Net.
8:55 of 1st period - Snap shot by Christoph Bertschy.
8:55 of 1st period - Shot Misses the Net.
9:26 of 1st period - Slapshot by Zachary Sanford.
9:26 of 1st period - Deflect By Christoph Bertschy.
9:26 of 1st period - Shot Misses the Net.
9:26 of 1st period - Puck is out of play.
9:27 of 1st period - Zach Stepan wins face-off versus Oliver Bjorkstrand in Bears zone.
9:39 of 1st period - Wrist shot by Oliver Bjorkstrand.
9:39 of 1st period - Shot Hit the Post.
9:53 of 1st period - Derek Forbort is hit by C.J Suess and loses puck.
10:20 of 1st period - Snap shot by Kerby Rychel.
10:20 of 1st period - Shot Blocked by Jonas Siegenthaler.
10:34 of 1st period - Snap shot by Jamie McGinn.
10:34 of 1st period - Shot Misses the Net.
10:50 of 1st period - Minor Penalty to Jamie McGinn for High sticking.
10:51 of 1st period - Zach Stepan wins face-off versus Christoph Bertschy in Bears zone.
10:56 of 1st period - Zachary Sanford is hit by Mikko Vainonen and loses puck.
12:00 of 1st period - Tommy Vannelli is hit by Joonas Lyytinen and loses puck.
12:50 of 1st period - Penalty to Jamie McGinn is over, Jamie McGinn is back on ice.
13:25 of 1st period - Snap shot by C.J Suess.
13:25 of 1st period - Deflect By Jordan Schroeder.
13:25 of 1st period - Stopped by Magnus Hellberg without a rebound.
13:26 of 1st period - Jordan Schroeder wins face-off versus Dylan Gambrell in Bears zone.
13:35 of 1st period - Snap shot by C.J Suess.
13:35 of 1st period - Deflect By Grant Besse.
13:35 of 1st period - Stopped by Magnus Hellberg with a rebound.
13:37 of 1st period - Wrist shot by Jordan Schroeder.
13:37 of 1st period - Stopped by Magnus Hellberg without a rebound.
13:38 of 1st period - Zach Stepan wins face-off versus Christoph Bertschy in Bears zone.
13:49 of 1st period - Wrist shot by Christoph Bertschy.
13:49 of 1st period - Deflect By Zachary Sanford.
13:49 of 1st period - Stopped by Magnus Hellberg with a rebound.
13:51 of 1st period - Slapshot by Christoph Bertschy.
13:51 of 1st period - Shot Misses the Net.
13:53 of 1st period - Snap shot by Zachary Sanford.
13:53 of 1st period - Stopped by Magnus Hellberg without a rebound.
13:54 of 1st period - Jacob De La Rose wins face-off versus Dylan Gambrell in Bears zone.
14:05 of 1st period - Snap shot by Dylan Gambrell.
14:05 of 1st period - Shot Hit the Post.
14:07 of 1st period - Slapshot by Joey Laleggia.
14:07 of 1st period - Stopped by Garret Sparks without a rebound.
14:08 of 1st period - Christoph Bertschy wins face-off versus Zach Stepan in Senators zone.
14:23 of 1st period - Off-side.
14:24 of 1st period - Jacob De La Rose wins face-off versus Dylan Gambrell in neutral zone.
14:29 of 1st period - Snap shot by Oliver Bjorkstrand.
14:29 of 1st period - Stopped by Magnus Hellberg without a rebound.
14:30 of 1st period - Jacob De La Rose wins face-off versus Dylan Gambrell in Bears zone.
15:10 of 1st period - Wrist shot by Zemgus Girgensons.
15:10 of 1st period - Deflect By Jacob De La Rose.
15:10 of 1st period - Shot Blocked by Joey Laleggia.
15:10 of 1st period - Puck is out of play.
15:11 of 1st period - Nicolas Aube-Kubel wins face-off versus Christoph Bertschy in Bears zone.
15:25 of 1st period - Icing by Zachary Sanford.
15:26 of 1st period - Colby Cave wins face-off versus Christoph Bertschy in Senators zone.
17:22 of 1st period - Nicolas Aube-Kubel is hit by Jacob De La Rose.
17:28 of 1st period - Snap shot by Jacob De La Rose.
17:28 of 1st period - Shot Misses the Net.
18:19 of 1st period - Slapshot by Nicolas Aube-Kubel.
18:19 of 1st period - Stopped by Garret Sparks with a rebound.
18:21 of 1st period - Wrist shot by Nicolas Aube-Kubel.
18:21 of 1st period - Stopped by Garret Sparks with a rebound.
18:27 of 1st period - Slapshot by Vitaly Abramov.
18:27 of 1st period - Stopped by Magnus Hellberg with a rebound.
18:29 of 1st period - Slapshot by Joonas Lyytinen.
18:29 of 1st period - Shot Blocked by Jamie McGinn.
18:31 of 1st period - Slapshot by Joonas Lyytinen.
18:31 of 1st period - Shot Misses the Net.
18:35 of 1st period - Snap shot by Vitaly Abramov.
18:35 of 1st period - Stopped by Magnus Hellberg with a rebound.
18:37 of 1st period - Slapshot by William Bitten.
18:37 of 1st period - Shot Misses the Net.
18:39 of 1st period - Slapshot by Joonas Lyytinen.
18:39 of 1st period - Shot Misses the Net.
18:41 of 1st period - Slapshot by Joonas Lyytinen.
18:41 of 1st period - Stopped by Magnus Hellberg with a rebound.
18:43 of 1st period - Slapshot by Joonas Lyytinen.
18:43 of 1st period - Deflect By Vitaly Abramov.
18:43 of 1st period - Stopped by Magnus Hellberg with a rebound.
18:49 of 1st period - Snap shot by Chandler Stephenson.
18:49 of 1st period - Shot Misses the Net.
18:51 of 1st period - Slapshot by Nikita Nesterov.
18:51 of 1st period - Shot Misses the Net.
18:59 of 1st period - Slapshot by Chandler Stephenson.
18:59 of 1st period - Deflect By Nicolas Aube-Kubel.
18:59 of 1st period - Shot Misses the Net.
18:59 of 1st period - Puck is out of play.
19:00 of 1st period - Dylan Gambrell wins face-off versus Tomas Jurco in Bears zone.
19:07 of 1st period - Snap shot by Christoph Bertschy.
19:07 of 1st period - Stopped by Magnus Hellberg without a rebound.
19:08 of 1st period - Jake Virtanen wins face-off versus Christoph Bertschy in Bears zone.
Goals for this period are 0 for Bears vs 0 for Senators.
Shots for this period are 5 for Bears vs 12 for Senators.
2nd period
0:01 of 2nd period - Christoph Bertschy wins face-off versus Zach Stepan in neutral zone.
0:08 of 2nd period - Taylor Aronson is hit by Christoph Bertschy and loses puck.
0:27 of 2nd period - Jacob De La Rose is hit by Brendan Perlini and loses puck.
0:53 of 2nd period - Snap shot by Mike Hoffman.
0:53 of 2nd period - Stopped by Garret Sparks with a rebound.
1:15 of 2nd period - Snap shot by Kerby Rychel.
1:15 of 2nd period - Stopped by Garret Sparks without a rebound.
1:16 of 2nd period - Jamie McGinn wins face-off versus Christoph Bertschy in Senators zone.
1:21 of 2nd period - Snap shot by Nicolas Aube-Kubel.
1:21 of 2nd period - Stopped by Garret Sparks with a rebound.
1:23 of 2nd period - Snap shot by Gianluca Curcuruto.
1:23 of 2nd period - Stopped by Garret Sparks with a rebound.
1:25 of 2nd period - Wrist shot by Tommy Vannelli.
1:25 of 2nd period - Stopped by Garret Sparks with a rebound.
1:27 of 2nd period - Slapshot by Tommy Vannelli.
1:27 of 2nd period - Deflect By Zachary Sanford.
1:27 of 2nd period - Stopped by Garret Sparks with a rebound.
1:43 of 2nd period - Jacob De La Rose is hit by Gianluca Curcuruto and loses puck.
2:28 of 2nd period - Slapshot by Kerby Rychel.
2:28 of 2nd period - Stopped by Garret Sparks with a rebound.
2:32 of 2nd period - Wrist shot by Brett Bulmer.
2:32 of 2nd period - Stopped by Garret Sparks with a rebound.
2:34 of 2nd period - Wrist shot by Taylor Aronson.
2:34 of 2nd period - Deflect By Brett Bulmer.
2:34 of 2nd period - Shot Blocked by Chandler Stephenson.
2:34 of 2nd period - Puck is out of play.
2:35 of 2nd period - Zach Stepan wins face-off versus Christoph Bertschy in Senators zone.
2:42 of 2nd period - Wrist shot by Jamie McGinn.
2:42 of 2nd period - Stopped by Garret Sparks without a rebound.
2:43 of 2nd period - Christoph Bertschy wins face-off versus Zach Stepan in Senators zone.
2:50 of 2nd period - Wrist shot by Zachary Sanford.
2:50 of 2nd period - Shot Blocked by Derek Forbort.
3:14 of 2nd period - Snap shot by Zachary Sanford.
3:14 of 2nd period - Shot Blocked by Derek Forbort.
3:28 of 2nd period - Derek Forbort is hit by Christoph Bertschy and loses puck.
3:55 of 2nd period - Slapshot by Nikita Nesterov.
3:55 of 2nd period - Stopped by Magnus Hellberg without a rebound.
3:56 of 2nd period - Dylan Gambrell wins face-off versus Jacob De La Rose in Bears zone.
4:22 of 2nd period - Brendan Perlini is hit by C.J Suess and loses puck.
4:47 of 2nd period - Wrist shot by Chandler Stephenson.
4:47 of 2nd period - Shot Misses the Net.
5:26 of 2nd period - Derek Forbort is hit by Joonas Lyytinen and loses puck.
5:50 of 2nd period - Taylor Aronson is hit by Chandler Stephenson and loses puck.
6:18 of 2nd period - Zach Stepan is hit by Mason Geertsen and loses puck.
6:42 of 2nd period - Icing by Jacob De La Rose.
6:43 of 2nd period - Colby Cave wins face-off versus Jacob De La Rose in Senators zone.
6:46 of 2nd period - Snap shot by Austin Wuthrich.
6:46 of 2nd period - Shot Blocked by Jonas Siegenthaler.
7:08 of 2nd period - Dylan Gambrell is hit by Mason Geertsen and loses puck.
7:15 of 2nd period - Slapshot by Gianluca Curcuruto.
7:15 of 2nd period - Stopped by Garret Sparks without a rebound.
7:16 of 2nd period - Zach Stepan wins face-off versus Christoph Bertschy in Senators zone.
7:25 of 2nd period - Wrist shot by Jamie McGinn.
7:25 of 2nd period - Shot Blocked by Zachary Sanford.
7:48 of 2nd period - Wrist shot by Austin Wuthrich.
7:48 of 2nd period - Shot Misses the Net.
8:32 of 2nd period - Wrist shot by Nicolas Aube-Kubel.
8:32 of 2nd period - Shot Misses the Net.
8:58 of 2nd period - Slapshot by Jake Virtanen.
8:58 of 2nd period - Shot Misses the Net.
9:31 of 2nd period - Vincent Dunn is hit by Dmitry Sinitsyn and loses puck.
9:48 of 2nd period - Snap shot by Chandler Stephenson.
9:48 of 2nd period - Stopped by Magnus Hellberg with a rebound.
10:06 of 2nd period - Snap shot by Dmitry Sinitsyn.
10:06 of 2nd period - Stopped by Magnus Hellberg without a rebound.
10:07 of 2nd period - Dylan Gambrell wins face-off versus Zemgus Girgensons in Bears zone.
10:07 of 2nd period - Dylan Gambrell is hit by Zemgus Girgensons.
10:29 of 2nd period - Slapshot by Oliver Bjorkstrand.
10:29 of 2nd period - Goal by Oliver Bjorkstrand - Bears : 0 - Senators : 1.
10:30 of 2nd period - Dylan Gambrell wins face-off versus Jacob De La Rose in neutral zone.
10:33 of 2nd period - Slapshot by Taylor Aronson.
10:33 of 2nd period - Deflect By Zemgus Girgensons.
10:33 of 2nd period - Stopped by Garret Sparks without a rebound.
10:34 of 2nd period - Mike Hoffman wins face-off versus Jacob De La Rose in Senators zone.
10:35 of 2nd period - Wrist shot by Jake Virtanen.
10:35 of 2nd period - Stopped by Garret Sparks without a rebound.
10:36 of 2nd period - Jake Virtanen wins face-off versus Jacob De La Rose in Senators zone.
10:39 of 2nd period - Snap shot by Jake Virtanen.
10:39 of 2nd period - Stopped by Garret Sparks without a rebound.
10:40 of 2nd period - Jacob De La Rose wins face-off versus Dylan Gambrell in Senators zone.
10:45 of 2nd period - Wrist shot by Jake Virtanen.
10:45 of 2nd period - Shot Misses the Net.
10:47 of 2nd period - Slapshot by Joey Laleggia.
10:47 of 2nd period - Stopped by Garret Sparks with a rebound.
11:31 of 2nd period - Slapshot by Jake Virtanen.
11:31 of 2nd period - Shot Misses the Net.
12:25 of 2nd period - Slapshot by Jake Virtanen.
12:25 of 2nd period - Stopped by Garret Sparks without a rebound.
12:26 of 2nd period - Zach Stepan wins face-off versus Christoph Bertschy in Senators zone.
12:33 of 2nd period - Wrist shot by Zach Stepan.
12:33 of 2nd period - Stopped by Garret Sparks without a rebound.
12:34 of 2nd period - Zach Stepan wins face-off versus Christoph Bertschy in Senators zone.
12:55 of 2nd period - Minor Penalty to Nicolas Aube-Kubel for Interference.
12:56 of 2nd period - Zach Stepan wins face-off versus Christoph Bertschy in Bears zone.
13:11 of 2nd period - Snap shot by Zachary Sanford.
13:11 of 2nd period - Stopped by Magnus Hellberg without a rebound.
13:12 of 2nd period - Christoph Bertschy wins face-off versus Zach Stepan in Bears zone.
13:25 of 2nd period - Wrist shot by Zachary Sanford.
13:25 of 2nd period - Shot Hit the Post.
13:27 of 2nd period - Wrist shot by Christoph Bertschy.
13:27 of 2nd period - Shot Misses the Net.
14:55 of 2nd period - Penalty to Nicolas Aube-Kubel is over, Nicolas Aube-Kubel is back on ice.
15:27 of 2nd period - Scott Harrington is hit by Taylor Aronson and loses puck.
15:34 of 2nd period - Wrist shot by Kerby Rychel.
15:34 of 2nd period - Shot Misses the Net.
15:56 of 2nd period - Snap shot by Chandler Stephenson.
15:56 of 2nd period - Stopped by Magnus Hellberg with a rebound.
15:58 of 2nd period - Wrist shot by C.J Suess.
15:58 of 2nd period - Stopped by Magnus Hellberg with a rebound.
16:44 of 2nd period - Icing by Mason Geertsen.
16:45 of 2nd period - Jordan Schroeder wins face-off versus Colby Cave in Senators zone.
16:52 of 2nd period - Slapshot by Jordan Schroeder.
16:52 of 2nd period - Goal by Jordan Schroeder - Bears : 0 - Senators : 2.
16:53 of 2nd period - Christoph Bertschy wins face-off versus Colby Cave in neutral zone.
16:58 of 2nd period - Slapshot by Mikko Vainonen.
16:58 of 2nd period - Shot Blocked by Nikita Nesterov.
17:00 of 2nd period - Slapshot by Mikko Vainonen.
17:00 of 2nd period - Shot Misses the Net.
17:02 of 2nd period - Slapshot by Derek Forbort.
17:02 of 2nd period - Stopped by Garret Sparks with a rebound.
17:04 of 2nd period - Slapshot by Derek Forbort.
17:04 of 2nd period - Stopped by Garret Sparks without a rebound.
17:05 of 2nd period - Christoph Bertschy wins face-off versus Colby Cave in Senators zone.
17:14 of 2nd period - Snap shot by Zachary Sanford.
17:14 of 2nd period - Stopped by Magnus Hellberg with a rebound.
17:32 of 2nd period - Joey Laleggia is hit by Jacob De La Rose and loses puck.
18:07 of 2nd period - Mike Hoffman is hit by Jordan Schroeder and loses puck.
18:17 of 2nd period - Slapshot by Tommy Vannelli.
18:17 of 2nd period - Shot Blocked by Jordan Schroeder.
18:19 of 2nd period - Slapshot by Joey Laleggia.
18:19 of 2nd period - Stopped by Garret Sparks without a rebound.
18:20 of 2nd period - Christoph Bertschy wins face-off versus Zach Stepan in Senators zone.
18:25 of 2nd period - Wrist shot by Nicolas Aube-Kubel.
18:25 of 2nd period - Shot Misses the Net.
18:27 of 2nd period - Wrist shot by Zach Stepan.
18:27 of 2nd period - Stopped by Garret Sparks without a rebound.
18:28 of 2nd period - Christoph Bertschy wins face-off versus Zach Stepan in Senators zone.
18:57 of 2nd period - Slapshot by C.J Suess.
18:57 of 2nd period - Shot Misses the Net.
18:59 of 2nd period - Snap shot by C.J Suess.
18:59 of 2nd period - Shot Misses the Net.
19:35 of 2nd period - Taylor Aronson is hit by William Bitten and loses puck.
19:44 of 2nd period - Slapshot by Nikita Nesterov.
19:44 of 2nd period - Shot Misses the Net.
19:46 of 2nd period - Slapshot by Nikita Nesterov.
19:46 of 2nd period - Deflect By Taylor Aronson.
19:46 of 2nd period - Stopped by Magnus Hellberg with a rebound.
19:48 of 2nd period - Slapshot by Joonas Lyytinen.
19:48 of 2nd period - Stopped by Magnus Hellberg with a rebound.
Goals for this period are 0 for Bears vs 2 for Senators.
Shots for this period are 20 for Bears vs 11 for Senators.
3rd period
0:01 of 3rd period - Dylan Gambrell wins face-off versus Christoph Bertschy in neutral zone.
0:17 of 3rd period - Joey Laleggia is hit by Zachary Sanford and loses puck.
0:24 of 3rd period - Zachary Sanford is hit by Mike Hoffman.
0:50 of 3rd period - Wrist shot by Zachary Sanford.
0:50 of 3rd period - Stopped by Magnus Hellberg with a rebound.
0:55 of 3rd period - Off-side.
0:56 of 3rd period - Jacob De La Rose wins face-off versus Zach Stepan in neutral zone.
1:23 of 3rd period - Grant Besse is hit by Colby Cave and loses puck.
1:30 of 3rd period - Snap shot by Brendan Perlini.
1:30 of 3rd period - Stopped by Garret Sparks with a rebound.
1:59 of 3rd period - Gianluca Curcuruto is hit by Chandler Stephenson and loses puck.
2:16 of 3rd period - Wrist shot by Nicolas Aube-Kubel.
2:16 of 3rd period - Deflect By Zach Stepan.
2:16 of 3rd period - Shot Misses the Net.
2:16 of 3rd period - Puck is out of play.
2:17 of 3rd period - Jamie McGinn wins face-off versus Christoph Bertschy in Senators zone.
2:23 of 3rd period - Icing by Scott Harrington.
2:24 of 3rd period - Zach Stepan wins face-off versus Christoph Bertschy in Senators zone.
2:29 of 3rd period - Slapshot by Nicolas Aube-Kubel.
2:29 of 3rd period - Shot Blocked by Tomas Jurco.
3:11 of 3rd period - Snap shot by Joey Laleggia.
3:11 of 3rd period - Stopped by Garret Sparks with a rebound.
3:15 of 3rd period - Wrist shot by Austin Wuthrich.
3:15 of 3rd period - Shot Hit the Post.
3:29 of 3rd period - Snap shot by Brett Bulmer.
3:29 of 3rd period - Stopped by Garret Sparks with a rebound.
3:55 of 3rd period - Slapshot by Zach Stepan.
3:55 of 3rd period - Shot Blocked by Chandler Stephenson.
3:57 of 3rd period - Wrist shot by Jamie McGinn.
3:57 of 3rd period - Stopped by Garret Sparks with a rebound.
3:59 of 3rd period - Slapshot by Derek Forbort.
3:59 of 3rd period - Stopped by Garret Sparks with a rebound.
4:01 of 3rd period - Slapshot by Derek Forbort.
4:01 of 3rd period - Stopped by Garret Sparks without a rebound.
4:02 of 3rd period - Dylan Gambrell wins face-off versus Christoph Bertschy in Senators zone.
5:50 of 3rd period - Snap shot by Zemgus Girgensons.
5:50 of 3rd period - Stopped by Magnus Hellberg with a rebound.
6:04 of 3rd period - Tommy Vannelli is hit by Dmitry Sinitsyn and loses puck.
6:21 of 3rd period - Zach Stepan is hit by Joonas Lyytinen and loses puck.
6:26 of 3rd period - Backhand shot by Vitaly Abramov.
6:26 of 3rd period - Shot Blocked by Gianluca Curcuruto.
7:17 of 3rd period - Slapshot by Christoph Bertschy.
7:17 of 3rd period - Stopped by Magnus Hellberg with a rebound.
7:19 of 3rd period - Wrist shot by Zachary Sanford.
7:19 of 3rd period - Stopped by Magnus Hellberg with a rebound.
7:21 of 3rd period - Slapshot by Tomas Jurco.
7:21 of 3rd period - Shot Misses the Net.
7:23 of 3rd period - Snap shot by Zachary Sanford.
7:23 of 3rd period - Deflect By Christoph Bertschy.
7:23 of 3rd period - Stopped by Magnus Hellberg without a rebound.
7:24 of 3rd period - Dylan Gambrell wins face-off versus Jacob De La Rose in Bears zone.
7:29 of 3rd period - Backhand shot by Joey Laleggia.
7:29 of 3rd period - Shot Misses the Net.
7:35 of 3rd period - Snap shot by Zemgus Girgensons.
7:35 of 3rd period - Stopped by Magnus Hellberg without a rebound.
7:36 of 3rd period - Dylan Gambrell wins face-off versus Christoph Bertschy in Bears zone.
7:38 of 3rd period - Icing by Jake Virtanen.
7:39 of 3rd period - Jake Virtanen wins face-off versus Christoph Bertschy in Bears zone.
7:39 of 3rd period - Jake Virtanen is hit by Scott Harrington.
8:37 of 3rd period - Slapshot by Austin Wuthrich.
8:37 of 3rd period - Stopped by Garret Sparks with a rebound.
8:39 of 3rd period - Wrist shot by Brendan Perlini.
8:39 of 3rd period - Goal by Brendan Perlini - Bears : 1 - Senators : 2.
8:40 of 3rd period - Christoph Bertschy wins face-off versus Dylan Gambrell in neutral zone.
8:49 of 3rd period - Wrist shot by Zachary Sanford.
8:49 of 3rd period - Shot Misses the Net.
9:05 of 3rd period - Mike Hoffman is hit by Scott Harrington and loses puck.
9:34 of 3rd period - Icing by Jamie McGinn.
9:35 of 3rd period - Christoph Bertschy wins face-off versus Zach Stepan in Bears zone.
11:11 of 3rd period - Snap shot by Kerby Rychel.
11:11 of 3rd period - Stopped by Garret Sparks with a rebound.
11:13 of 3rd period - Slapshot by Tommy Vannelli.
11:13 of 3rd period - Shot Blocked by Zachary Sanford.
11:15 of 3rd period - Slapshot by Mikko Vainonen.
11:15 of 3rd period - Shot Blocked by Christoph Bertschy.
12:33 of 3rd period - Nikita Nesterov is hit by Kerby Rychel and loses puck.
12:44 of 3rd period - Brendan Perlini is hit by Chandler Stephenson and loses puck.
13:17 of 3rd period - Off-side.
13:18 of 3rd period - Dylan Gambrell wins face-off versus Tomas Jurco in neutral zone.
13:44 of 3rd period - Mikko Vainonen is hit by Jacob De La Rose and loses puck.
13:57 of 3rd period - Backhand shot by Oliver Bjorkstrand.
13:57 of 3rd period - Stopped by Magnus Hellberg with a rebound.
14:14 of 3rd period - Wrist shot by Oliver Bjorkstrand.
14:14 of 3rd period - Stopped by Magnus Hellberg without a rebound.
14:15 of 3rd period - Christoph Bertschy wins face-off versus Dylan Gambrell in Bears zone.
15:20 of 3rd period - Off-side.
15:21 of 3rd period - Jordan Schroeder wins face-off versus Dylan Gambrell in neutral zone.
17:04 of 3rd period - Jordan Schroeder is hit by Derek Forbort and loses puck.
17:13 of 3rd period - Slapshot by Austin Wuthrich.
17:13 of 3rd period - Shot Misses the Net.
17:15 of 3rd period - Slapshot by Taylor Aronson.
17:15 of 3rd period - Stopped by Garret Sparks with a rebound.
17:36 of 3rd period - Nicolas Aube-Kubel is hit by Jordan Schroeder and loses puck.
17:43 of 3rd period - Slapshot by C.J Suess.
17:43 of 3rd period - Stopped by Magnus Hellberg without a rebound.
17:44 of 3rd period - Christoph Bertschy wins face-off versus Colby Cave in Bears zone.
17:59 of 3rd period - Slapshot by Austin Wuthrich.
17:59 of 3rd period - Stopped by Garret Sparks with a rebound.
18:36 of 3rd period - Tommy Vannelli is hit by Tomas Jurco and loses puck.
19:00 of 3rd period - Wrist shot by Tomas Jurco.
19:00 of 3rd period - Stopped by Magnus Hellberg with a rebound.
19:06 of 3rd period - Bears, Magnus Hellberg is pulled from the net.
19:20 of 3rd period - Wrist shot by Kerby Rychel.
19:20 of 3rd period - Shot Misses the Net.
19:34 of 3rd period - Snap shot by Kerby Rychel.
19:34 of 3rd period - Stopped by Garret Sparks without a rebound.
19:35 of 3rd period - Gerard Gallant call a timeout for Bears.
19:35 of 3rd period - Christoph Bertschy wins face-off versus Dylan Gambrell in Senators zone.
19:54 of 3rd period - Wrist shot by Jake Virtanen.
19:54 of 3rd period - Shot Misses the Net.
19:56 of 3rd period - Slapshot by Dylan Gambrell.
19:56 of 3rd period - Shot Misses the Net.
19:58 of 3rd period - Slapshot by Taylor Aronson.
19:58 of 3rd period - Deflect By Zachary Sanford.
19:58 of 3rd period - Stopped by Garret Sparks without a rebound.
19:59 of 3rd period - Dylan Gambrell wins face-off versus Christoph Bertschy in Senators zone.
Goals for this period are 1 for Bears vs 0 for Senators.
Shots for this period are 13 for Bears vs 10 for Senators.